 Dungeon Crawl Stone Soup version 0.19-a0-1678-g8ce114c (webtiles) character file.

45 Promi the Magician (level 3, 0/27 HPs)
             Began as a Demigod Wizard on Sept 24, 2016.
             Slain by a gnoll
             ... wielding a +0 spear
              (7 damage)
             ... on level 2 of the Dungeon.
             The game lasted 00:04:44 (1395 turns).

Promi the Magician (Demigod Wizard)                 Turns: 1395, Time: 00:04:44

Health: 0/27       AC:  5    Str: 10    XL:     3   Next: 25%
Magic:  4/10       EV: 12    Int: 24    God:
Gold:   146        SH:  0    Dex: 14    Spells: 3 memorised, 3 levels left

rFire  . . .     SeeInvis .     j - +0 dagger
rCold  . . .     Gourm    .     a - +0 robe
rNeg   . . .     Faith    .     (no shield)
rPois  .         Spirit   .     b - +0 hat
rElec  .         Dismiss  .     (no cloak)
rCorr  .         Reflect  .     (no gloves)
MR     .....     Harm     .     e - +2 pair of boots
Stlth  ++........               (no amulet)
                                (no ring)
                                (no ring)

@: no status effects
A: high mp 1
a: no special abilities


You were on level 2 of the Dungeon.
You were not hungry.

You visited 1 branch of the dungeon, and saw 2 of its levels.

You collected 146 gold pieces.

Inventory:

Hand Weapons
 j - a +0 dagger (weapon)
Armour
 a - a +0 robe (worn)
 b - a +0 hat (worn)
 e - a +2 pair of boots (worn)
Wands
 o - a wand of digging (10/24)
Scrolls
 i - 3 scrolls of identify {unknown}
 l - a scroll of remove curse {unknown}
 m - a scroll of amnesia {unknown}
 n - a scroll of random uselessness {unknown}
 q - 2 scrolls of teleportation {unknown}
Potions
 f - a potion of curing {unknown}
 h - a potion of haste {unknown}
Books
 c - a book of Minor Magic

   Spells                             Type                      Level
   a - Magic Dart                     Conjuration                  1
   b - Blink                          Translocation                2
   c - Call Imp                       Summoning                    2
   d - Repel Missiles                 Charms/Air                   2
   e - Slow                           Hexes                        2
   f - Conjure Flame                  Conjuration/Fire             3
   g - Mephitic Cloud                 Conjuration/Poison/Air       3
Comestibles
 d - 3 bread rations
 g - a beef jerky
 k - 2 chunks of flesh
 p - a meat ration


   Skills:
 + Level 0.3 Fighting
 + Level 2.1 Dodging
 + Level 2.2 Stealth
 * Level 3.1 Spellcasting
 * Level 1.7 Conjurations
   Level 0.8 Summonings
   Level 0.8 Translocations


You had 3 spell levels left.
You knew the following spells:

 Your Spells              Type           Power        Failure   Level  Hunger
a - Magic Dart            Conj           ##..         6%          1    None
b - Repel Missiles        Chrm/Air       #.....       17%         2    ##.....
c - Slow                  Hex            #.......     17%         2    ##.....


Dungeon Overview and Level Annotations

Branches:
Dungeon (2/15)

Annotations:
D:2 Ijyb


Innate Abilities, Weirdness & Mutations

You have an increased reservoir of magic. (+10% MP)


Message History

The gnoll barely misses you. x2
You hit the gnoll.
The gnoll is heavily wounded.
The gnoll barely misses you. The gnoll closely misses you.
You closely miss the gnoll.
The gnoll is heavily wounded.
The gnoll hits you from afar with a spear.
* * * LOW HITPOINT WARNING * * *
The gnoll closely misses you. Ijyb screams, "I dance on your bones!"
Casting: Magic Dart
Confirm with . or Enter, or press ? or * to list all spells.
Aiming: Slow
Press: ? - help, Shift-Dir - straight line, f/p - gnoll
Aim: a gnoll (heavily wounded, chance to defeat MR: 45%)
The gnoll resists with some effort.
Ijyb screams, "No!
No, no, no, no!"
The gnoll misses you.
The gnoll hits you from afar with a spear!
You die...

#...g[.###########
###)#####........#
#g# #.....##.#
###.# #.........
#g..# #......#.#
#g### #......#.#
#g# ###....... #g#
##########.... #@#
#......# #.##.
#.###.####.###....
#.......##........
#####.#.##..######
#.......#
#.......#
#.......#
#.....### #.....#


You could see Ijyb and 3 gnolls.

Vanquished Creatures
  An adder (D:2)
  4 leopard geckos
  A giant cockroach (D:1)
  5 goblins
  6 hobgoblins
  5 kobolds
  3 bats
  3 frilled lizards
  3 rats
31 creatures vanquished.

Notes
Turn   | Place    | Note
-------+----------+-------------------------------------------
     0 | D:1      | Promi the Demigod Wizard began the quest for the Orb.
     0 | D:1      | Reached XP level 1. HP: 14/14 MP: 6/6
    72 | D:1      | Reached skill level 1 in Conjurations
   311 | D:1      | Reached XP level 2. HP: 19/20 MP: 2/8
   315 | D:1      | Learned a level 2 spell: Repel Missiles
   318 | D:1      | Learned a level 2 spell: Slow
  1161 | D:2      | Reached skill level 3 in Spellcasting
  1161 | D:2      | Reached XP level 3. HP: 15/27 MP: 2/10
  1379 | D:2      | Noticed Ijyb
  1395 | D:2      | Slain by a gnoll

Vault maps used:
D:1:      saegor_arrival_simple_a, hex_medium
D:2:      first_bread, uniq_iyjb, uniq_natasha

Skill      XL: |  1  2 |
---------------+-------+-----
Stealth        | 2 |  2.2
Conjurations   | 1 |  1.7
Dodging        | 2 |  2.1
Spellcasting   | 3 |  3.1
Fighting       | |  0.3
Summonings     | |  0.8
Translocations | |  0.8

Action                   || total
-------------------------++-------
Melee: Unarmed           ||     9
       Dagger            ||    41
 Cast: Magic Dart        ||    64
       Slow              ||     1
 Stab: Sleeping          ||     2
  Eat: Chunk             ||     1
Armor: Robe              ||    12
Dodge: Dodged            ||    46
